cohdb
Replays
Latest Replays
All Replays
Popular Replays
Top Player Replays
Match Explorer
How It Works
Community
CoH3 Stats
Reddit
Sign in to upload your games and track your stats! →
Sign in with Steam
Match 42856166
Unlisted
Match 42856166
Overview
Messages
Build Orders
End
Kettenkrad Recon Vehicle
Construct Infanterie Kompanie
MG 42 Machine Gun Team
MG 42 Machine Gun Team
Grenadier Squad
Construct Luftwaffe Kompanie
Jäger Squad
Jäger Squad
Support Elements
Jäger Squad
Wirbelwind Flakpanzer
Selects Mechanized Battlegroup
Selects Raid Package
Medical Station
Construct Panzergrenadier Kompanie
MG 42 Machine Gun Team
MG 42 Machine Gun Team
AI Takeover
Valar[M]orgHulis
Schertzpew
김라현
1934317568
Mastur Bison
SpoSadiK
MerceBoby
Danimda
0
0
Comments
sign in to comment!
No comments posted yet!